 Dungeon Crawl Stone Soup version 0.30-a0-840-ga523dec638 (webtiles) character file.

Game seed: 11488045941965804951

1843 lesbiats the Grappler (level 8, 0/70 (80) HPs)
             Began as a Troll Fighter on Mar 2, 2023.
             Slain by a wight
             ... wielding a +0 dagger
              (3 damage)
             ... on level 6 of the Dungeon.
             The game lasted 00:12:34 (3967 turns).

lesbiats the Grappler (Troll Fighter)               Turns: 3967, Time: 00:12:35

HP:   0/70 (80)     AC:  4    Str: 25    XL:     8   Next: 87%
MP:   7/7           EV:  8    Int:  6    God:
Gold: 291           SH: 14    Dex:  9    Spells: 7/7 levels left

rFire   . . .      SeeInvis .      - Unarmed
rCold   . . .      Faith    .    b - +0 kite shield
rNeg    . . .      Spirit   .    a - +0 robe
rPois   .          Reflect  +    q - +0 hat
rElec   .          Harm     .    (no cloak)
rCorr   .          Rampage  .    (gloves unavailable)
Will    +....                    (boots unavailable)
Stlth   +                        f - amulet of reflection
HPRegen 1.11/turn                G - ring of willpower
MPRegen 0.10/turn                (no ring)

@: heavily drained
A: large, unfitting armour, claws 3, regeneration 1, shaggy fur 1, tough skin 1
a: no special abilities


You were on level 6 of the Dungeon.
You visited 1 branch of the dungeon, and saw 6 of its levels.

You collected 291 gold pieces.

Inventory:

Hand Weapons
 p - a +6 dagger of flaming
Missiles
 g - 14 poisoned darts (quivered)
 i - 2 throwing nets
 H - 2 javelins
Armour
 a - a +0 robe (worn)
 b - a +0 kite shield (worn)
 q - a +0 hat (worn)
Jewellery
 e - an amulet of regeneration
 f - an amulet of reflection (around neck)
 t - a ring of ice
 x - a ring of ice
 B - an amulet of the acrobat
 G - a ring of willpower (left claw)
Wands
 c - a wand of flame (33)
 d - a wand of mindburst (18)
 C - a wand of polymorph (2)
Scrolls
 j - a scroll of noise {unknown}
 k - a scroll of enchant weapon {unknown}
 l - 2 scrolls of enchant armour
 n - 3 scrolls of magic mapping
 o - a scroll of butterflies {unknown}
 r - a scroll of teleportation {unknown}
 s - a scroll of vulnerability {unknown}
 v - 2 scrolls of acquirement
 y - a scroll of poison {unknown}
 A - 2 scrolls of immolation
 E - a scroll of fog {unknown}
 I - a scroll of blinking {unknown}
 J - a scroll of torment {unknown}
Potions
 h - a potion of curing
 m - 4 potions of mutation
 u - 2 potions of heal wounds {unknown}
 w - 4 potions of lignification {unknown}
 z - 2 potions of haste {unknown}
 D - a potion of attraction {unknown}
 F - 2 potions of flight {unknown}


   Skills:
 + Level 5.3 Fighting
 - Level 2.4 Dodging
 + Level 5.9 Shields
 * Level 8.4 Unarmed Combat


You had 7 spell levels left.
You didn't know any spells.
Your spell library contained the following spells:

 Spells                   Type           Power      Damage    Failure   Level
 Apportation              Tloc           0%         N/A       71%         1
 Necrotise                Necr           0%         1d4       71%         1
 Summon Small Mammal      Summ           0%         N/A       71%         1
 Scorch                   Fire           0%         2d5       85%         2
 Sublimation of Blood     Necr           0%         N/A       85%         2
 Wereblood                Tmut           0%         N/A       85%         2
 Ozocubu's Armour         Ice            0%         N/A       97%         3
 Flame Wave               Conj/Fire      0%         2d4       100%        4
 Summon Cactus Giant      Summ           0%         N/A       100%        6
 Ozocubu's Refrigeration  Ice            0%         4d7       100%        7
 Summon Hydra             Summ           0%         N/A       100%        7


Dungeon Overview and Level Annotations

Branches:
Dungeon (6/15)
 Temple: D:4-7

Altars:
Qazlal
Ru
Zin


Innate Abilities, Weirdness & Mutations

You are too large for most types of armour.
You have claws for hands.
Your natural rate of healing is unusually fast.
You are covered in fur. (AC +1)
You have tough skin. (AC +1)


Message History

You claw the wight!
The wight is almost destroyed.
The wight barely misses you. You block the wight's attack.
You closely miss the wight.
The wight is almost destroyed.
You block the wight's attack.
A wight comes into view. It is wielding a +3 flail.
The wight completely misses you.
You mangle the wight!!
You destroy the wight!
You block the wight's attack.
You claw the wight!
The wight is severely damaged.
You barely miss the wight.
The wight is severely damaged.
You block the wight's attack.
You closely miss the wight.
The wight is severely damaged.
You block the wight's attack.
You closely miss the wight.
The wight is severely damaged.
The wight hits you with a +0 dagger.
You feel drained.
A wight comes into view. It is wielding a +2 halberd.
The wight hits you with a +3 flail!
You feel drained.
* * * LOW HITPOINT WARNING * * *
You block the wight's attack.
Okay, then.
Okay, then.
The wight attacks as you move away! The wight closely misses you.
The wight hits you from afar with a +2 halberd!
* * * LOW HITPOINT WARNING * * *
You feel drained.
* * * LOW HITPOINT WARNING * * *
You feel better. You block the wight's attack. x2
The wight hits you with a +3 flail!
* * * LOW HITPOINT WARNING * * *
You feel drained.
* * * LOW HITPOINT WARNING * * *
The wight attacks as you move away! The wight hits you with a +0 dagger.
You die...

.... .....
#...# ..#.
#.... ...
#.#.# ..#
#.#'##..#
#.....).####
##.....#.....
##....zzz##
#...†.@...#
+.........+
#.........#
##.......##
##.....##
##...## ##'##
#.########
#........#.#


You could see 3 wights.

Vanquished Creatures
  Grinder (D:4)
  Prince Ribbit (D:5)
  Duvessa (D:5)
  A sky beast (D:6)
  An ogre (D:5)
  A centaur (D:6)
  3 necrophages (D:5)
  2 scorpions
  A wight (D:6)
  Dowan (D:5)
  A howler monkey (D:5)
  3 jellies
  An orc priest (D:4)
  5 hounds
  2 iguanas
  Natasha (thrice) (D:2)
  An orc wizard (D:4)
  Robin (D:2)
  4 gnolls (D:5)
  2 adders
  A worm (D:3)
  2 dart slugs (D:2)
  21 orcs
  18 endoplasms
  4 giant cockroaches
  16 goblins
  14 hobgoblins
  2 jackals (D:4)
  16 kobolds
  5 quokkas
  6 ball pythons
  4 bats
  2 frilled lizards (D:1)
  4 rats
151 creatures vanquished.

Vanquished Creatures (others)
  A kobold (D:3)
  A fungus (D:3)
  12 toadstools (D:3)
14 creatures vanquished.

Grand Total: 165 creatures vanquished

Notes
Turn   | Place    | Note
-------+----------+-------------------------------------------
     0 | D:1      | lesbiats the Troll Fighter began the quest for the Orb.
     0 | D:1      | Reached XP level 1. HP: 22/22 MP: 0/0
   125 | D:1      | Reached XP level 2. HP: 29/29 MP: 1/1
   503 | D:2      | Reached XP level 3. HP: 36/36 MP: 2/2
   505 | D:2      | Found a glowing silver altar of Zin.
   538 | D:2      | Noticed Robin
   552 | D:1      | Reached skill level 3 in Unarmed Combat
   598 | D:2      | Killed Robin
   830 | D:2      | Reached XP level 4. HP: 44/44 MP: 3/3
   872 | D:2      | Noticed Natasha
   880 | D:2      | Killed Natasha
  1154 | D:2      | Noticed Natasha
  1158 | D:2      | Killed Natasha
  1272 | D:2      | Noticed Natasha
  1279 | D:2      | Killed Natasha
  1280 | D:2      | Reached skill level 4 in Unarmed Combat
  1280 | D:2      | Reached XP level 5. HP: 46/53 MP: 4/4
  2391 | D:4      | Reached XP level 6. HP: 58/61 MP: 5/5
  2528 | D:4      | Found a sacrificial altar of Ru.
  2528 | D:4      | Found a stormy altar of Qazlal.
  2700 | D:4      | Reached skill level 5 in Unarmed Combat
  2826 | D:4      | Noticed Grinder
  2951 | D:4      | Killed Grinder
  2952 | D:4      | Reached skill level 6 in Unarmed Combat
  2952 | D:4      | Reached XP level 7. HP: 60/70 MP: 6/6
  3051 | D:5      | Entered Level 5 of the Dungeon
  3211 | D:5      | Noticed Prince Ribbit
  3216 | D:5      | Killed Prince Ribbit
  3292 | D:5      | Reached skill level 5 in Shields
  3292 | D:5      | Reached XP level 8. HP: 74/79 MP: 7/7
  3303 | D:5      | Reached skill level 7 in Unarmed Combat
  3361 | D:5      | Noticed Duvessa
  3367 | D:5      | Noticed Dowan
  3371 | D:5      | Killed Duvessa
  3372 | D:5      | Reached skill level 5 in Fighting
  3401 | D:5      | Killed Dowan
  3408 | D:5      | Identified 2 scrolls of acquirement
  3703 | D:6      | Reached skill level 8 in Unarmed Combat
  3966 | D:6      | HP: 3/70 [wight/+3 flail (4)]
  3967 | D:6      | Slain by a wight

Illustrated notes

Levels and vault maps discovered:
D:1:      ncdulo_wetmaze, layout_rooms
D:2:      layout_rooms, basic_altar, uniq_natasha, uniq_robin
D:3:      cheibrodos_fertilizer, layout_loops_corners
D:4:      layout_gridville, jmf_multi_god_temple, minmay_fractal_squares_5,
          uniq_grinder
D:5:      layout_basic, minmay_misc_feat_more_columns,
          kennysheep_generic_room_5, uniq_prince_ribbit1, uniq_duvessa
D:6:      layout_loops_corners

Skill      XL: |  1  2  3  4  5  6  7  8 |
---------------+-------------------------+-----
Shields        | 3 4 5 |  5.9
Unarmed Combat | 3 4 6 8 |  8.4
Fighting       | 3 4 5 |  5.3
Dodging        | |  2.4

Action                     |  1- 3 |  4- 6 |  7- 9 || total
---------------------------+-------+-------+-------++-------
  Melee: Unarmed           |   107 |   197 |   110 ||   414
    Use: Scroll            |       |       |     5 ||     5
         Potion            |       |       |     3 ||     3
   Stab: Distracted        |     1 |       |       ||     1
 Armour: Robe              |    29 |    38 |    11 ||    78
  Dodge: Dodged            |    17 |    42 |    22 ||    81
  Block: Kite shield       |    80 |   114 |    88 ||   282
         Reflection        |     1 |     4 |    12 ||    17

Table legend: (Time is in decaauts)
 A = Elapsed time spent in this place.
 B = Non-inter-level travel time spent in this place.
 C = Inter-level travel time spent in this place.
 D = Time resting spent in this place.
 E = Time spent auto-exploring this place.
 F = Levels seen in this place.
 G = Mean time per level.
                   A        B        C        D        E       F      G
               +--------+--------+--------+--------+--------+-----+--------+
         Total |   3995 |   3622 |    373 |    202 |   2274 |   6 |  665.8 |
       Dungeon |   3995 |   3622 |    373 |    202 |   2274 |   6 |  665.8 |
               +--------+--------+--------+--------+--------+-----+--------+

Top non-repeatable levels by time:
     D:3: 1109 daAuts
     D:2: 813 daAuts
     D:4: 658 daAuts
     D:5: 642 daAuts
     D:1: 500 daAuts
     D:6: 271 daAuts
